Unix NetHack Version 5.0.0-0 post-release - last build Jul 19 2026 19:10:59 (3aa4ab31751d3886436d94b585a96704892fd477,branch:main).

Game began 2026-07-30 14:01:40, ended 2026-07-30 14:36:51.

Jandor, neutral male human Wizard

                                                               ----
                                                               |.<|
                                                              --..-
                                                             --....
                                                    -.--------..--
                                                    ...........--
                                                    ...---------





       .G%
       .@.
      ...----- |..
      ...--..---..
      ............
       ..........
             |..

Jandor the Conjurer       St:12 Dx:14 Co:12 In:18 Wi:11 Ch:10  Neutral
Dlvl:5  $:68 HP:0(39) Pw:1(38) AC:10 Xp:5 T:3243 

Latest messages:
 V - 2 daggers.
 You hear a nearby zap.
 You hit the gnome lord.
 You hear some noises in the distance.
 You hear a nearby zap.
 You materialize in a different location!
 In what direction? 8
 The spell hits the gnome!
 You kill the gnome!
 Welcome to experience level 5.
 You see here a gnome corpse.
 There is a gnome corpse here; eat it? [ynq] (n) y
 This gnome corpse tastes okay.
 You stop eating the gnome corpse.
 You hit the gnome.
 You miss the gnome.
 The gnome hits!
 You miss the gnome.
 You hit the gnome.
 You miss the gnome.
 You miss the gnome.
 The gnome hits!
 In what direction? 9
 The spell hits the gnome!
 You kill the gnome!
 You hear some noises in the distance.
 You miss the gnome.
 The gnome hits!
 You hit the gnome.
 What do you want to zap? [crS or ?*] ?
 In what direction? 8
 The sleep ray hits the gnome.
 The rabid rat bites!
 What do you want to zap? [crS or ?*] ?
 In what direction? 2
 You kill the rabid rat!
 The bolt of fire hits you!
 Your cloak smoulders!
 Wizard, your life force is running out.
 You hit the gnome.
 You hit the gnome.
 You hit the gnome.
 You hit the gnome.
 You hit the gnome.
 You miss the gnome.
 You hit the gnome.
 The gnome hits!
 You die...
 Do you want your possessions identified? [ynq] (y) n
 Do you want to see your attributes? [ynq] (y) q

Inventory:
 Coins    ('$')
  $ - 68 gold pieces
 Weapons  (')')
  R - 14 +0 arrows
  T - 5 +0 crossbow bolts
  V - 2 +0 daggers
  P - a cursed -2 dagger named cursed
  U - a +0 elven dagger
  G - a +0 orcish dagger (weapon in right hand)
  a - a blessed +1 quarterstaff
 Armor    ('[')
  b - an uncursed burnt +0 cloak of magic resistance (being worn)
 Comestibles  ('%')
  L - 2 uncursed tripe rations
 Scrolls  ('?')
  i - an uncursed scroll of create monster
  j - an uncursed scroll of earth
  O - an uncursed scroll of gold detection
  B - 2 uncursed scrolls of identify
  h - an uncursed scroll of magic mapping
  n - an uncursed scroll of teleportation
 Potions  ('!')
  u - 3 uncursed potions of blindness
  t - 2 uncursed potions of full healing
  g - 2 uncursed potions of healing
  N - 2 cursed potions of healing
  y - an uncursed potion of monster detection
  f - a potion of holy water
  x - 2 uncursed potions of water
 Rings    ('=')
  C - an uncursed -1 ring of adornment
  F - an uncursed ring of free action
  v - an uncursed ring of stealth
  d - an uncursed ring of sustain ability
  e - an uncursed ring of warning
 Wands    ('/')
  S - a wand of fire (0:3)
  c - a wand of sleep (0:5)
  r - a wand of stasis (0:5)
 Tools    ('(')
  K - an empty uncursed sack
  m - a magic marker (0:22)
 Gems/Stones  ('*')
  Q - an uncursed touchstone

Jandor the Wizard's attributes:

Background:
 You were a Conjurer, a level 5 male human Wizard.
 You were neutral, on a mission for Thoth
 who was opposed by Ptah (lawful) and Anhur (chaotic).
 You were right-handed.
 You were in the Gnomish Mines, on level 5.
 You entered the dungeon 3243 turns ago.
 There was a full moon in effect when your adventure ended.
 You had 174 experience points, 146 more were needed to attain level 6.

Basics:
 You had 0 out of 39 hit points.
 You had 1 out of 38 energy points (spell power).
 Your armor class was 10.
 Your wallet contained 68 zorkmids.
 Autopickup was off.

Final Characteristics:
 Your strength was 12 (limit:18/100).
 Your dexterity was 14 (limit:18).
 Your constitution was 12 (limit:18).
 Your intelligence was 18 (limit:18).
 Your wisdom was 11 (limit:18).
 Your charisma was 10 (limit:18).

Final Status:
 You weren't hungry.
 You were unencumbered.
 You were wielding a dagger.
 You were unskilled in dagger and could have enhanced that.

Final Attributes:
 You were piously aligned.
 You were magic-protected.
 You were telepathic.
 You were warded.
 You were lucky.
 You are dead.

Miscellaneous:
 You didn't encounter any bones levels.
 Total elapsed playing time was 35 minutes and 11 seconds.

Major events:
 Turn
    1: Jandor the neutral male human Wizard entered the dungeon
 1971: attained the rank of Conjurer (level 3)
 2145: entered the Gnomish Mines
 3243: killed by a gnome

Spells:
 Name                 Level Category     Fail Retention
 force bolt             1   attack         0%   81%-90%
 cure sickness          3   healing       85%  76%-100%
 detect monsters        1   divination     0%  76%-100%

Skills:
 Fighting Skills
   bare handed combat [Unskilled]
   riding             [Unskilled]
 Weapon Skills
   dagger             [Unskilled]
   knife              [Unskilled]
   axe                [Unskilled]
   short sword        [Unskilled]
   club               [Unskilled]
   mace               [Unskilled]
   quarterstaff       [Basic]
   polearms           [Unskilled]
   spear              [Unskilled]
   trident            [Unskilled]
   sling              [Unskilled]
   dart               [Unskilled]
   shuriken           [Unskilled]
 Spellcasting Skills
   attack spells      [Basic]
   healing spells     [Unskilled]
   divination spells  [Unskilled]
   enchantment spells [Basic]
   clerical spells    [Unskilled]
   escape spells      [Unskilled]
   matter spells      [Unskilled]

Voluntary challenges:
 Character rerolling was not enabled.
 You never genocided any monsters.
 You never polymorphed an object.
 You never changed form.
 You used no wishes.
Achievements:
 You entered a shop.
 You attained the rank of Conjurer.
 You entered the Gnomish Mines.

 The Dungeons of Doom: levels 1 to 5
    Level 1:
    Level 2:
       A potion shop.
    Level 3:
       A fountain, a sink.
    Level 4:
       Many fountains, a sink.
       Stairs down to The Gnomish Mines.
    Level 5:
 The Gnomish Mines:
    Level 5: <- You were here.
       Final resting place for
          you, killed by a gnome.


Vanquished creatures:
 an Uruk-hai
  a gnome leader
  3 floating eyes
  2 dwarves
  a kobold leader
  a rabid rat
  a giant bat
  2 dwarf zombies
 an iguana
  a gas spore
  a hobbit
  a giant rat
  8 gnomes
  a garter snake
  a gecko
  6 jackals
  a fox
  a goblin
  5 sewer rats
  3 grid bugs
  3 lichens
  2 kobold zombies
 10 newts
57 creatures vanquished.

No species were genocided or became extinct.

Game over:
                       ----------
                      /          \
                     /    REST    \
                    /      IN      \
                   /     PEACE      \
                  /                  \
                  |      Jandor      |
                  |      68 Au       |
                  |   killed by a    |
                  |      gnome       |
                  |                  |
                  |                  |
                  |       2026       |
                 *|     *  *  *      | *
        _________)/\\_//(\/(/\)/\//\/|_)_______

Goodbye Jandor the Wizard...

You died in The Gnomish Mines on dungeon level 5 with 968 points,
and 68 pieces of gold, after 3243 moves.
You were level 5 with a maximum of 39 hit points when you died.

